 Dungeon Crawl Stone Soup version 0.23-a0-417-gf02c810 (console) character file.

1106 bli the Martial Artist (level 8, 0/52 HPs)
             Began as an Octopode Transmuter on Nov 4, 2018.
             Was an Initiate of Ru.
             Succumbed to Crazy Yiuf's poison
             ... on level 4 of the Dungeon on Nov 10, 2018.
             The game lasted 00:24:50 (5508 turns).

bli the Martial Artist (Octopode Transmuter)        Turns: 5508, Time: 00:24:50

Health: 0/52       AC:  2    Str: 10    XL:     8   Next: 33%
Magic:  10/13      EV: 21    Int: 16    God:    Ru [......]
Gold:   246        SH:  0    Dex: 22    Spells: 7/13 levels left

rFire    . . .     SeeInvis .     - Unarmed
rCold    . . .     Gourm    .   (shield currently unavailable)
rNeg     . . .     Faith    .   (helmet currently unavailable)
rPois    x         Spirit   .   (no amulet)
rElec    .         Reflect  .   p - +4 ring of dexterity
rCorr    .         Harm     .   (no ring)
MR       .....                  (no ring)
Stlth    ++........             (no ring)
HPRegen  0.17/turn              (no ring)
MPRegen  0.13/turn              (no ring)
                                (no ring)
                                (no ring)

@: lethally poisoned (0 -> -29), spider-form
A: tiny, almost no armour, stealthy swim, (amphibious), 8 rings, (constrict 8)
a: End Transformation, Renounce Religion


You were on level 4 of the Dungeon.
You worshipped Ru.
Ru was noncommittal.
You were not hungry.
You were a venomous arachnid creature.
You visited 2 branches of the dungeon, and saw 7 of its levels.

You collected 301 gold pieces.
You spent 55 gold pieces at shops.

Inventory:

Hand Weapons
 b - the +7 hand axe "Grom" (melded) {holy, *Drain rF+++ rN++ Int+2}
   (You found it on level 4 of the Dungeon)

   It has been blessed by the Shining One to cause great damage to the undead
   and demons.
   It affects your intelligence (+2).
   It renders you almost immune to fire.
   It greatly protects you from negative energy.
   It causes draining when unequipped.
 l - a cursed -1 short sword
 n - a +3 mace of protection
 r - a +0 blowgun
 y - a +4 trident of piercing
Missiles
 a - 35 arrows
 t - 4 curare-tipped needles
 x - 132 stones (quivered)
Jewellery
 p - a +4 ring of dexterity (left front leg)
Wands
 m - a wand of enslavement (6)
Scrolls
 d - 5 scrolls of remove curse {unknown}
 e - 3 scrolls of teleportation {unknown}
 f - 3 scrolls of fear {unknown}
 g - 3 scrolls of magic mapping {unknown}
 h - 9 scrolls of identify {unknown}
 i - 2 scrolls of blinking {unknown}
 j - 2 scrolls of enchant weapon {unknown}
 w - a scroll of amnesia {unknown}
Potions
 k - 3 potions of curing {unknown}
 o - a potion of agility {unknown}
 q - a potion of magic {unknown}
 s - 2 potions of brilliance {unknown}
 u - 2 potions of might {unknown}
 v - 2 potions of heal wounds
 z - a potion of resistance {unknown}
 A - a potion of berserk rage
Comestibles
 c - 10 rations
 B - a chunk of flesh


   Skills:
 + Level 3.1 Fighting
 + Level 2.4 Dodging
 * Level 8.2 Unarmed Combat
 + Level 3.4 Spellcasting
 + Level 3.1 Transmutations
 + Level 2.2 Poison Magic


You had 7 spell levels left.
You knew the following spells:

 Your Spells              Type           Power        Failure   Level  Hunger
a - Beastly Appendage     Tmut           ##....       14%         1    None
b - Sticks to Snakes      Tmut           ##......     21%         2    ##.....
s - Spider Form           Tmut/Pois      ##........   38%         3    ###....

Your spell library contained the following spells:

 Spells                   Type           Power        Failure   Level  Hunger
 Animate Skeleton         Necr           N/A          38%         1    None
 Apportation              Tloc           #.....       38%         1    None
 Confusing Touch          Hex            #.....       38%         1    None
 Summon Small Mammal      Summ           #...         38%         1    None
 Ice Form                 Ice/Tmut       #.......     85%         4    ####...
 Blade Hands              Tmut           ##........   92%         5    ######.


Dungeon Overview and Level Annotations

Branches:
Dungeon (6/15)             Temple (1/1) D:6

Altars:
Ashenzari
Elyvilon
Fedhas
Hepliaklqana
Kikubaaqudgha
Makhleb
Nemelex Xobeh
Qazlal
Ru
Sif Muna
Trog
Uskayaw
Vehumet
Wu Jian
Xom
Yredelemnul
Zin
The Shining One

Shops:
D:6 !

Annotations:
D:4 Crazy Yiuf


Innate Abilities, Weirdness & Mutations

You cannot wear most types of armour.
You are very stealthy in the water. (Stealth+)
((You are amphibious.))
You can wear up to eight rings at the same time.
((You can use your tentacles to constrict eight enemies at once.))
((Your skin changes colour to match your surroundings (Stealth+).))
((Your rubbery body absorbs attacks. (AC +1, EV +1)))


Message History

Casting: Spider Form (safe; 16% risk of failure)
Confirm with . or Enter, or press ? or * to list all spells.
You turn into a venomous arachnid creature.
The +7 hand axe "Grom" {holy, *Drain rF+++ rN++ Int+2} melds into your body.
The +7 hand axe "Grom" {holy, *Drain rF+++ rN++ Int+2} stops glowing.
Crazy Yiuf hits you with a +2 quarterstaff of chaos!
You are poisoned.
There is an open door here.
You bite Crazy Yiuf!
Crazy Yiuf is poisoned.
Crazy Yiuf is heavily wounded.
You feel very sick.
Crazy Yiuf laughs, "Key!
Sif Muna verde cower."
Crazy Yiuf hits you with a +2 quarterstaff of chaos!
You are electrocuted!
* * * LOW HITPOINT WARNING * * *
You hit Crazy Yiuf but do no damage.
Crazy Yiuf is heavily wounded.
* * * LOW HITPOINT WARNING * * *
You feel sick. Crazy Yiuf misses you.
You die...

#.....###.... #.....#
#....
################.....#
#....
#....................#
#....
#.##############.....#
#.... #.# ####..#
#.... #.# #..###....
#.# #<...'.... #.###♣♣
#### ######....
#...#.♣♣ ♣♣#..)# ####'
#......♣♣♣♣s'g..# #.
##......♣..♣#...# #.
##.#..♣.♣♣♣ #### ##
###♣♣♣♣♣


You could see Crazy Yiuf.

Vanquished Creatures
  Sigmund (D:3)
  An ice beast (D:6)
  A phantom (D:5)
  An ogre (D:2)
  A bullfrog (D:4)
  A scorpion (D:4)
  A bullfrog zombie (D:6)
  A hound (D:4)
  A centaur skeleton (D:4)
  2 jellies
  An orc priest (D:6)
  3 orc wizards
  An iguana (D:5)
  Natasha (thrice) (D:3)
  A worker ant zombie (D:4)
  8 adders
  4 gnolls
  3 shadow imps
  2 oozes
  An adder skeleton (D:4)
  2 worms
  5 leopard geckos
  12 orcs
  5 bats
  A giant cockroach (D:6)
  5 goblins
  7 hobgoblins
  4 jackals
  A frilled lizard (D:1)
  2 jackal skeletons
  4 kobolds
  A leopard gecko skeleton (D:4)
  7 rats
94 creatures vanquished.

Notes
Turn   | Place    | Note
-------+----------+-------------------------------------------
     0 | D:1      | bli the Octopode Transmuter began the quest for the Orb.
     0 | D:1      | Reached XP level 1. HP: 13/13 MP: 3/3
   262 | D:1      | Reached XP level 2. HP: 13/18 MP: 3/5
   934 | D:2      | Reached skill level 4 in Unarmed Combat
   934 | D:2      | Reached XP level 3. HP: 23/23 MP: 4/6
  1629 | D:2      | Reached XP level 4. HP: 28/28 MP: 5/7
  1674 | D:2      | Noticed an ogre
  1760 | D:3      | Noticed Sigmund
  2012 | D:1      | Learned a level 2 spell: Sticks to Snakes
  2173 | D:3      | Reached skill level 5 in Unarmed Combat
  2223 | D:3      | Noticed Natasha
  2232 | D:3      | Killed Natasha
  2283 | D:2      | Learned a level 3 spell: Spider Form
  2665 | D:2      | Killed an ogre
  2665 | D:2      | Reached XP level 5. HP: 33/33 MP: 0/8
  2903 | D:3      | Noticed Natasha
  2910 | D:3      | Killed Natasha
  2910 | D:3      | Reached skill level 6 in Unarmed Combat
  2919 | D:3      | Killed Sigmund
  2919 | D:3      | Reached XP level 6. HP: 28/38 MP: 7/9
  2953 | D:3      | Found a shattered altar of Ashenzari.
  3021 | D:3      | Noticed Natasha
  3028 | D:3      | Killed Natasha
  3028 | D:3      | Reached skill level 7 in Unarmed Combat
  3112 | D:3      | You fall through a shaft for 3 floors!
  3113 | D:6      | Noticed an ice beast
  3119 | D:6      | Found Oplall's Distillery.
  3122 | D:6      | Bought a potion of heal wounds for 55 gold pieces
  3132 | D:6      | Killed an ice beast
  3132 | D:6      | Reached XP level 7. HP: 8/45 MP: 10/10
  3221 | D:6      | Found a staircase to the Ecumenical Temple.
  3232 | Temple   | Entered the Ecumenical Temple
  3235 | Temple   | Upgraded the game from 0.23-a0-402-g64599a1 to
                  | 0.23-a0-404-g0063841
  3610 | Temple   | Became a worshipper of Ru the Awakened
  3736 | D:5      | Entered Level 5 of the Dungeon
  3824 | D:5      | Found a sparkling altar of Nemelex Xobeh.
  4075 | D:6      | Reached skill level 1 in Poison Magic
  4545 | D:4      | Got a steaming hand axe
  4564 | D:4      | Upgraded the game from 0.23-a0-404-g0063841 to
                  | 0.23-a0-417-gf02c810
  4564 | D:4      | Identified the +7 hand axe "Grom" {holy, *Drain rF+++ rN++
                  | Int+2} (You found it on level 4 of the Dungeon)
  4593 | D:4      | Reached XP level 8. HP: 34/52 MP: 11/11
  4869 | D:4      | Reached skill level 8 in Unarmed Combat
  5499 | D:4      | Found a runed door.
  5503 | D:4      | Noticed Crazy Yiuf
  5508 | D:4      | Succumbed to Crazy Yiuf's poison

Vault maps used:
D:1:      ebering_hopf_link, roderic_cross_of_infinity, serial_park_tiny_1,
          minmay_misc_feat_doors
D:2:      minmay_misc_feat_columns, st_stairs_1
D:3:      nicolae_ashenzari_panopticon, lemuel_doored_altar, uniq_natasha,
          uniq_sigmund
D:4:      uniq_crazy_yiuf_cottage
D:5:      overflow_temple_1_default, gammafunk_temple_overflow_elements,
          old_standard_altar, first_ration, grunt_decor_fettered,
          grunt_ministairs_9, tgw_xom
D:6:      minmay_temple_entry_glassed_door, serial_shops, shop,
          minmay_misc_feat_more_columns
Temple:   eino_temple_scatter_basement

Skill      XL: |  1  2  3  4  5  6  7  8 |
---------------+-------------------------+-----
Unarmed Combat | 4 5 6 7 8 |  8.2
Fighting       | 2 3 |  3.1
Transmutations | 3 |  3.1
Poison Magic   | 2 |  2.2
Spellcasting   | 3 |  3.4
Dodging        | |  2.4

Action                   |  1- 3 |  4- 6 |  7- 9 || total
-------------------------+-------+-------+-------++-------
Melee: Unarmed           |    63 |    67 |    69 ||   199
       Constrict         |    17 |    17 |    22 ||    56
       Kick              |    11 |     8 |    14 ||    33
       Tentacles         |     8 |    13 |    19 ||    40
       Punch             |     2 |       |     2 ||     4
       Hand axe          |       |       |    34 ||    34
 Fire: Blowgun           |       |     4 |       ||     4
Throw: Stone             |     1 |     8 |     6 ||    15
 Cast: Beastly Appendage |    10 |     9 |    10 ||    29
       Sticks to Snakes  |       |     2 |     4 ||     6
       Spider Form       |       |       |     4 ||     4
  Use: Potion            |     1 |       |       ||     1
 Stab: Sleeping          |     3 |     4 |       ||     7
  Eat: Chunk             |     2 |     5 |     9 ||    16
Armor: Skin              |     4 |     4 |     6 ||    14
Dodge: Dodged            |    31 |    46 |    50 ||   127

Table legend:
 A = Non-vault XP
 B = Vault XP
 C = Vault XP percentage of total XP
 D = Non-vault monster count
 E = Vault monster count
 F = Vault count percentage of total count
                 A         B        C        D         E       F
            +---------+---------+-------+---------+---------+-------
      Total |    1077 |     503 |  31.8 |      88 |       6 |   6.4
            +---------+---------+-------+---------+---------+-------
        D:1 |      27 |       0 |   0.0 |      14 |       0 |   0.0
        D:2 |      61 |      71 |  53.8 |      14 |       2 |  12.5
        D:3 |     148 |     262 |  63.9 |      21 |       2 |   8.7
        D:4 |     426 |       0 |   0.0 |      20 |       0 |   0.0
        D:5 |      76 |     170 |  69.1 |       5 |       2 |  28.6
        D:6 |     339 |       0 |   0.0 |      14 |       0 |   0.0
            +---------+---------+-------+---------+---------+-------
